 Dungeon Crawl Stone Soup version 0.31-a0-988-g08d55da (webtiles) character file.

Game seed: 15619822861344879666

1 Unit the Covered (level 1, 0/19 HPs)
             Began as an Armataur Fighter on Nov 4, 2023.
             Slain by a ball python (1 damage)
             ... on level 1 of the Dungeon.
             The game lasted 00:00:19 (38 turns).

Unit the Covered (Armataur Fighter)                   Turns: 38, Time: 00:00:19

Health: 0/19       AC:  6    Str: 21    XL:     1   Next: 16%
Magic:  1/1        EV:  7    Int:  8    God:
Gold:   15         SH:  4    Dex:  9    Spells: 0/0 levels left

rFire   . .          .
                       - Unarmed
rCold   . . .        b - +0 buckler
rNeg    . . .        a - +0 scale mail
rPois   .            (no helmet)
rElec   .            (no cloak)
rCorr   .            (no gloves)
SInv    .            (no barding)
Will    .....        (no amulet) Stlth
                     (no ring)
HPRegen 0.23/turn    (no ring)
MPRegen 0.07/turn

%: roll
@: mighty
A: large, rugged brown scales 3, deformed body, armoured tail, roll, long
tongue, awkward tongue
a: no special abilities


You were on level 1 of the Dungeon.
You visited 1 branch of the dungeon, and saw 1 of its levels.

You collected 15 gold pieces.

Inventory:

Armour
 a - a +0 scale mail (worn)
 b - a +0 buckler (worn)


   Skills:
 + Level 2.7 Fighting
 - Level 3.6 Armour
 * Level 3.3 Shields
 * Level 1.8 Unarmed Combat


You couldn't memorise any spells.
You didn't know any spells.
Your spell library was empty.

Dungeon Overview and Level Annotations

Branches:
Dungeon (1/15)

Altars:


Innate Abilities, Weirdness & Mutations

You are completely covered in rugged brown scales. (AC +3, +7% HP)
Armour fits poorly on your strangely shaped body.
You have a long armoured tail.
You roll when moving toward enemies. (Rampage)
Your long tongue fully drains potion bottles. (2x potion effects)
Your tongue gives you trouble enunciating. (1.5x scroll delay)


Message History

A ball python comes into view.
The ball python hisses angrily.
The gnoll hits you from afar with a +0 spear.
You roll towards the gnoll!
You closely miss the gnoll. The gnoll barely misses you.
You hit the gnoll but do no damage. The gnoll hits you with a +0 spear.
You hit the gnoll but do no damage.
The ball python bites you but does no damage.
The gnoll hits you with a +0 spear.
You barely miss the gnoll. The ball python barely misses you.
The gnoll closely misses you.
You hit the gnoll.
The gnoll is moderately wounded.
The ball python bites you. The gnoll hits you with a +0 spear.
* * * LOW HITPOINT WARNING * * *
You are too injured to fight recklessly!
You feel very mighty all of a sudden.
You slurp down every last drop of the potion of might!
The ball python bites you but does no damage. x2
The gnoll hits you with a +0 spear.
* * * LOW HITPOINT WARNING * * *
Unknown command.
You punch the gnoll!
The gnoll is almost dead.
The ball python bites you but does no damage.
You block the gnoll's attack.
Unknown command.
You barely miss the gnoll.
The gnoll is almost dead.
The ball python barely misses you. The gnoll hits you but does no damage.
Unknown command.
Unknown command.
Unknown command.
Unknown command.
Unknown command.
Unknown command.
You hit the gnoll.
You kill the gnoll!
The ball python bites you.
You die...

#.≈≈~#..#§§≈...............
#.≈~~#''#~~≈...#...........
#.~~8~~~~8~~...#......[....
#.~8~~≈≈~~8~.....).........
#.~~~≈≈§≈§~~...............
#.........##...##..##..##..
###.......##..####....## #.
##########.)## ##..##
#.@S## ..# #....# ..#
#..#....... #..#......
#....###.. #... # . #..##
#..# #...


You could see a ball python.

Vanquished Creatures
  A gnoll (D:1)
  An endoplasm (D:1)
2 creatures vanquished.

Notes
Turn   | Place    | Note
-------+----------+-------------------------------------------
     0 | D:1      | Unit the Armataur Fighter began the quest for the Orb.
     0 | D:1      | Reached XP level 1. HP: 19/19 MP: 1/1
    38 | D:1      | Slain by a ball python

Illustrated notes

Levels and vault maps discovered:
D:1:      lightli_arrival_boilingwater, layout_rooms, palyth_stone_intersect

Action                     || total
---------------------------++-------
  Melee: Unarmed           ||    14
    Use: Potion            ||     1
 Armour: Scale mail        ||    16
  Dodge: Dodged            ||     7
  Block: Buckler           ||     1

Table legend: (Time is in decaauts)
 A = Elapsed time spent in this place.
 B = Non-inter-level travel time spent in this place.
 C = Inter-level travel time spent in this place.
 D = Time resting spent in this place.
 E = Time spent auto-exploring this place.
 F = Levels seen in this place.
 G = Mean time per level.
                   A        B        C        D        E       F      G
               +--------+--------+--------+--------+--------+-----+--------+
         Total |     37 |     37 |      0 |      0 |     10 |   1 |   37.0 |
       Dungeon |     37 |     37 |      0 |      0 |     10 |   1 |   37.0 |
               +--------+--------+--------+--------+--------+-----+--------+

Top non-repeatable levels by time:
     D:1: 37 daAuts
